 Dungeon Crawl Stone Soup version 0.31-a0-691-g409c26aa35 (webtiles) character file.

Game seed: 17467619037558879215

2084 lunkers the Martial Artist (level 9, -5/64 HPs)
             Began as a Meteoran Shapeshifter on Sept 6, 2023.
             Was a Priest of Okawaru.
             Slain by a sky beast (6 damage)
             ... on level 6 of the Dungeon.
             The game lasted 00:07:45 (2873 turns).

lunkers the Martial Artist (Meteoran Shapeshifter)  Turns: 2873, Time: 00:07:45

Health: -5/64      AC: 11    Str: 16    XL:     9   Next: 80%
Magic:  13/13      EV:  5    Int: 13    God:    Okawaru [***...]
Gold:   1100       SH:  0    Dex: 17    Spells: 8/8 levels left

rFire   . .          .
                       - Unarmed
rCold   . . .        (no shield)
rNeg    . . .        e - +1 plate armour
rPois   .            (helmet currently unavailable)
rElec   .            (cloak currently unavailable)
rCorr   +            (gloves currently unavailable)
SInv    .            (boots currently unavailable)
Will    +....        i - amulet of the acrobat Stlth
                     g - ring of resist corrosion
HPRegen 0.30/turn    (no ring)
MPRegen 0.13/turn

%: acrobat
@: beast-form, glowing
A: beast (slay +4), sense surroundings 2, otherworldly, glowing, explore regen
a: Begin Untransformation, Renounce Religion, Heroism


You were on level 6 of the Dungeon.
You worshipped Okawaru.
Okawaru was most pleased with you.
You were a hulking beast.
You visited 2 branches of the dungeon, and saw 7 of its levels.
You also visited: Sewer.

You collected 1100 gold pieces.

Inventory:

Armour
 a - a +0 animal skin
 b - a +0 cloak
 e - a +1 plate armour (worn)
 t - a +2 hat
Jewellery
 g - a ring of resist corrosion (left hand)
 i - an amulet of the acrobat (around neck)
 u - a ring of see invisible
 x - a ring of willpower
Talismans
 c - a beast talisman (active)
 d - a flux talisman
Wands
 q - a wand of mindburst (17)
Scrolls
 j - 3 scrolls of amnesia
 k - 5 scrolls of teleportation
Potions
 f - 2 potions of might
 h - a potion of ambrosia {unknown}
 l - a potion of cancellation {unknown}
 m - 2 potions of haste
 n - a potion of berserk rage {unknown}
 p - 4 potions of curing
 r - a potion of mutation {unknown}
 s - 2 potions of invisibility {unknown}
 w - a potion of brilliance {unknown}
 z - a potion of attraction {unknown}


   Skills:
 - Level 1.1 Fighting
 - Level 2.1 Dodging
 * Level 11.4 Unarmed Combat
 - Level 5.0 Invocations
 + Level 8.1 Shapeshifting


You had 8 spell levels left.
You didn't know any spells.
Your spell library contained the following spells:

 Spells                   Type           Power      Damage    Failure   Level
 Sandblast                Erth           0%         2d4       100%        1
 Passwall                 Tmut/Erth      0%         N/A       100%        2
 Poisonous Vapours        Pois/Air       0%         N/A       100%        2
 Frozen Ramparts          Ice            0%         1d1       100%        3
 Mephitic Cloud           Conj/Pois/Air  0%         N/A       100%        3
 Stone Arrow              Conj/Erth      0%         3d7       100%        3
 Petrify                  Tmut/Erth      0%         N/A       100%        4
 Freezing Cloud           Conj/Ice/Air   0%         6-21      100%        5
 Metabolic Englaciation   Hex/Ice        0%         N/A       100%        5


Dungeon Overview and Level Annotations

Branches:
Dungeon (6/15) Zot: 896    Temple (1/1) D:4 Zot: 553   Sewer (visited)

Altars:
Dithmenos
Elyvilon
Fedhas
Gozag
Hepliaklqana
Kikubaaqudgha
Makhleb
Nemelex Xobeh
Okawaru
Qazlal
Ru
Sif Muna
Trog
Uskayaw
Wu Jian
Xom
Yredelemnul
Zin
The Shining One

Annotations:
Temple 2 transporters


Innate Abilities, Weirdness & Mutations

You are a hulking beast.
Your limbs bulge with bestial killing power. (Slay +4)
You passively map the area around you.
You are easily found by Zot.
You glow in the dark.
You regain HP and MP as you explore.


Message History

* * * LOW HITPOINT WARNING * * *
The iguana bites you.
* * * LOW HITPOINT WARNING * * *
You hit the iguana.
The iguana is lightly wounded.
Something hits you but does no damage.
The sleepcap releases spores at you but does no damage.
The iguana closely misses you.
Unknown command.
Unknown command.
You hit the iguana. You punch the iguana.
The iguana is heavily wounded.
Unknown command.
You punch the iguana!
You kill the iguana!
Okawaru accepts your kill. Something hits you but does no damage.
The sleepcap releases spores at you but does no damage.
Unknown command.
You hit something.
A sky beast appears from thin air!
Reactivating autopickup.
The sky beast hits you.
* * * LOW HITPOINT WARNING * * *
The sky beast shocks you.
* * * LOW HITPOINT WARNING * * *
The sleepcap releases spores at you.
* * * LOW HITPOINT WARNING * * *
Unknown command.
Unknown command.
You barely miss the sky beast.
The sky beast is severely wounded.
The sky beast hits you but does no damage.
The sleepcap releases spores at you!
* * * LOW HITPOINT WARNING * * *
You are engulfed in a cloud of soporific spores!
You fall asleep.
The sky beast hits you.
You wake up.
* * * LOW HITPOINT WARNING * * *
The sky beast shocks you.
You die...

........##, , * ** , ,, .
#>(......## ##....## , * .
###.......## ##......## , , , ..
#..###...###...$$...### #####..
####..#...#..#..$..$..#.# #......
#.........##.#..$..$..#.###.....#
#............#...$$...#........#
#..##........##†Yf...##......###
##............##h...##.#..#..###
##...#........##''##..#####.#.#
#......##.###.#..#....##.....##
##.#...####.#.....†..####.##...
###..## #...(.........#...#.##
##.....###..........#...##...#.
#............#####..#.........)
#............# #.....###..##.
###.......<.## #....###...##.


You could see a sky beast and a sleepcap.

Vanquished Creatures
  4 yaks (D:6)
  A steam dragon (D:6)
  A water moccasin (D:6)
  A black bear (D:5)
  An orc warrior (D:6)
  A centaur (D:4)
  An ogre (D:5)
  A bullfrog (D:6)
  A scorpion (D:6)
  Crazy Yiuf (D:2)
  3 jellies (D:6)
  5 hounds
  5 orc priests
  A sleepcap (D:5)
  3 iguanas (D:6)
  2 orc wizards
  A hell rat (Sewer)
  5 adders
  3 gnolls (D:5)
  4 river rats
  A shadow imp (D:5)
  A white imp (D:6)
  2 ufetubi
  A worm (D:2)
  2 dart slugs (D:2)
  10 orcs
  2 bats
  6 endoplasms
  6 giant cockroaches
  5 goblins
  2 hobgoblins
  8 jackals
  6 kobolds
  2 quokkas (D:2)
  7 ball pythons
  2 frilled lizards (D:2)
  13 rats
121 creatures vanquished.

Notes
Turn   | Place    | Note
-------+----------+-------------------------------------------
     0 | D:1      | lunkers the Meteoran Shapeshifter began the quest for the
                  | Orb.
     0 | D:1      | Reached XP level 1. HP: 16/16 MP: 2/2
    72 | D:1      | Reached XP level 2. HP: 9/23 MP: 3/3
    73 | D:1      | Reached skill level 4 in Unarmed Combat
   299 | D:1      | Reached XP level 3. HP: 28/28 MP: 4/4
   473 | D:2      | Reached XP level 4. HP: 35/35 MP: 5/5
   510 | D:2      | Reached skill level 5 in Unarmed Combat
   763 | D:2      | Found a runed translucent door.
   764 | D:2      | Noticed Crazy Yiuf
   775 | D:2      | Killed Crazy Yiuf
   776 | D:2      | Reached XP level 5. HP: 4/40 MP: 6/6
   778 | D:2      | HP: 3/60 [poisoned by Crazy Yiuf]
   781 | D:2      | HP: 1/60 [poisoned by Crazy Yiuf]
  1188 | D:4      | Noticed a centaur
  1203 | D:4      | Killed a centaur
  1204 | D:4      | Reached skill level 6 in Unarmed Combat
  1204 | D:4      | Reached XP level 6. HP: 40/47 MP: 7/7
  1252 | D:4      | Found a staircase to the Ecumenical Temple.
  1265 | D:4      | Reached skill level 5 in Shapeshifting
  1278 | Temple   | Found a transporter.
  1278 | Temple   | Found a transporter.
  1278 | Temple   | Found a transporter.
  1278 | Temple   | Found a transporter.
  1278 | Temple   | Entered the Ecumenical Temple
  1292 | Temple   | Became a worshipper of Warmaster Okawaru
  1305 | Temple   | Identified a scroll of acquirement
  1305 | Temple   | Acquired 829 gold pieces
  1603 | D:4      | Found a glowing drain.
  1617 | D:4      | Reached skill level 7 in Unarmed Combat
  1633 | Sewer    | Entered a sewer
  1687 | Sewer    | Reached XP level 7. HP: 9/49 MP: 8/8
  2034 | D:5      | Entered Level 5 of the Dungeon
  2049 | D:5      | Reached skill level 1 in Invocations
  2080 | D:5      | Reached * piety under Okawaru
  2087 | D:5      | Reached skill level 8 in Unarmed Combat
  2172 | D:5      | Reached XP level 8. HP: 59/59 MP: 10/10
  2460 | D:6      | Noticed a yak
  2460 | D:6      | Noticed a yak
  2463 | D:6      | Noticed a yak
  2477 | D:6      | Noticed a yak
  2488 | D:6      | Killed a yak
  2489 | D:6      | Reached skill level 9 in Unarmed Combat
  2492 | D:6      | Killed a yak
  2493 | D:6      | Gained mutation: You passively map the area around you.
                  | [Meteoran growth]
  2493 | D:6      | Reached XP level 9. HP: 56/64 MP: 10/13
  2496 | D:6      | Reached ** piety under Okawaru
  2505 | D:6      | Reached skill level 10 in Unarmed Combat
  2505 | D:6      | Reached skill level 5 in Invocations
  2601 | D:6      | Reached skill level 11 in Unarmed Combat
  2764 | D:6      | Reached *** piety under Okawaru
  2872 | D:6      | HP: 2/64 [sleepcap (7)]
  2873 | D:6      | Slain by a sky beast

Illustrated notes

Levels and vault maps discovered:
D:1:      grunt_arrival_crossed_arrows, layout_loops_ring,
          ebering_ecumenical_altar_webs, chequers_mini_garden
D:2:      layout_loops_ring, minmay_misc_feat_alley, minmay_statues_item,
          st_stairs_2, uniq_natasha, uniq_crazy_yiuf_cottage
D:3:      layout_basic, kennysheep_generic_room_16
D:4:      layout_basic, minmay_temple_entry_tees, portal_sewer_entry_b,
          kennysheep_minor_cross
D:5:      layout_cave_pools, minmay_door_square
D:6:      minmay_polygon_palace, layout_cave_pools
Temple:   hellmonk_temple_divided_pantheon

Skill      XL: |  1  2  3  4  5  6  7  8  9 |
---------------+----------------------------+-----
Unarmed Combat | 4 5 6 7 8 9 11 | 11.4
Shapeshifting  | 4 5 6 8 |  8.1
Invocations    | 2 4 5 |  5.0
Fighting       | |  1.1
Dodging        | |  2.1

Action                     |  1- 3 |  4- 6 |  7- 9 || total
---------------------------+-------+-------+-------++-------
  Melee: Unarmed           |    74 |   133 |   156 ||   363
         Punch             |     4 |     4 |    10 ||    18
 Invoke: Heroism           |       |       |     2 ||     2
    Use: Potion            |       |     1 |       ||     1
         Scroll            |       |     8 |     6 ||    14
 Armour: Animal skin       |     7 |       |       ||     7
         Plate armour      |    41 |   122 |   160 ||   323
  Dodge: Dodged            |    19 |    33 |    57 ||   109

Table legend: (Time is in decaauts)
 A = Elapsed time spent in this place.
 B = Non-inter-level travel time spent in this place.
 C = Inter-level travel time spent in this place.
 D = Time resting spent in this place.
 E = Time spent auto-exploring this place.
 F = Levels seen in this place.
 G = Mean time per level.
                   A        B        C        D        E       F      G
               +--------+--------+--------+--------+--------+-----+--------+
         Total |   2830 |   2629 |    201 |    138 |   1604 |   8 |  353.8 |
       Dungeon |   2702 |   2501 |    201 |    138 |   1585 |   6 |  450.3 |
        Temple |     46 |     46 |      0 |      0 |      0 |   1 |   46.0 |
         Sewer |     81 |     81 |      0 |      0 |     19 |   1 |   81.0 |
               +--------+--------+--------+--------+--------+-----+--------+

Top non-repeatable levels by time:
     D:4: 751 daAuts
     D:2: 571 daAuts
     D:6: 441 daAuts
     D:5: 367 daAuts
     D:1: 331 daAuts
     D:3: 238 daAuts
   Sewer: 81 daAuts
  Temple: 46 daAuts
